 Dungeon Crawl Stone Soup version 0.29.1-15-g9cfb28693d (webtiles) character file.

Game seed: 2874605791828536451

2451 evilbananas the Cleaver (level 9, 0/81 HPs)
             Began as a Minotaur Berserker on Apr 29, 2023.
             Was a Priest of Trog.
             Slain by a skeletal warrior
             ... wielding a +0 halberd
             ... summoned by a worldbinder
              (4 damage)
             ... on level 1 of the Abyss.
             The game lasted 00:43:15 (7716 turns).

evilbananas the Cleaver (Minotaur Berserker)        Turns: 7716, Time: 00:43:16

Health: 0/81       AC: 11    Str: 23 (25) XL:     9   Next: 25%
Magic:  17/17      EV: 11    Int: -1 (4)  God:    Trog [***...]
Gold:   563        SH:  0    Dex:  8 (9)  Spells: 8/8 levels left

rFire   . . .      SeeInvis .   a - +1 hand axe (freeze)
rCold   + + .      Faith    .   (no shield)
rNeg    . . .      Spirit   .   i - +5 ring mail of True Grit {rC+ Stlth+}
rPois   .          Reflect  .   (helmet restricted)
rElec   .          Harm     .   (no cloak)
rCorr   .          Rampage  .   d - +0 pair of gloves
Will    .....                   (no boots)
Stlth   +.........              l - amulet of magic regeneration
HPRegen 0.23/turn               q - ring of magical power
MPRegen 0.55/turn               (no ring)

@: slowed, lost intelligence, unable to read, very slow
A: horns 2, retaliatory headbutt, cold resistance 1, weak 1, wild magic 1
a: Renounce Religion, Berserk, Trog's Hand


You were on level 1 of the Abyss.
You worshipped Trog.
Trog was most pleased with you.
You visited 2 branches of the dungeon, and saw 9 of its levels.
You visited the Abyss 1 time.

You collected 563 gold pieces.

Inventory:

Hand Weapons
 a - a +1 hand axe of freezing (weapon)
Missiles
 g - 23 stones
 w - 3 poisoned darts (quivered)
Armour
 d - a +0 pair of gloves (worn)
 i - the +5 ring mail of True Grit (worn) {rC+ Stlth+}
   (You found it on level 2 of the Dungeon)

   rC:        It protects you from cold.
   Stlth:     It makes you more stealthy.
Magical Staves
 r - a staff of air
Jewellery
 l - an amulet of magic regeneration (around neck)
 q - a ring of magical power (left hand)
Wands
 e - a wand of flame (8)
 m - a wand of mindburst (4)
 n - a wand of digging (3)
Scrolls
 b - 3 scrolls of teleportation
 f - a scroll of noise
 h - a scroll of poison {unknown}
 j - a scroll of magic mapping
 o - 2 scrolls of identify
 u - 3 scrolls of vulnerability
 v - a scroll of immolation
 y - a scroll of enchant armour
Potions
 c - a potion of cancellation
 k - a potion of curing
 s - 2 potions of attraction
 t - a potion of flight


   Skills:
 + Level 8.3 Fighting
 * Level 11.2 Axes
 + Level 5.9 Throwing
 - Level 2.5 Armour
 - Level 2.3 Dodging


You had 8 spell levels left.
You didn't know any spells.
Your spell library contained the following spells:

 Spells                   Type           Power      Damage    Failure   Level
 Foxfire                  Conj/Fire      0%         2x1d4     82%         1
 Ensorcelled Hibernation  Hex/Ice        0%         N/A       91%         2
 Conjure Flame            Conj/Fire      0%         6-21      99%         3
 Gell's Gravitas          Tloc           0%         N/A       99%         3
 Inner Flame              Hex/Fire       0%         N/A       99%         3
 Lesser Beckoning         Tloc           0%         N/A       99%         3
 Ozocubu's Armour         Ice            0%         N/A       99%         3
 Spider Form              Tmut/Pois      0%         N/A       99%         3
 Teleport Other           Tloc           0%         N/A       99%         3
 Tukima's Dance           Hex            0%         N/A       99%         3
 Anguish                  Hex/Necr       0%         N/A       100%        4
 Flame Wave               Conj/Fire      0%         2d4       100%        4
 Passage of Golubria      Tloc           0%         N/A       100%        4
 Freezing Cloud           Conj/Ice/Air   0%         6-21      100%        5
 Yara's Violent Unravell  Hex/Tmut       0%         3d3       100%        5
 Simulacrum               Ice/Necr       0%         N/A       100%        6
 Ozocubu's Refrigeration  Ice            0%         4d7       100%        7
 Polar Vortex             Ice            0%         N/A       100%        9


Dungeon Overview and Level Annotations

Branches:
Dungeon (8/15)             Temple (1/1) D:5
   Lair: D:8-11

Altars:
Ashenzari
Cheibriados
Elyvilon
Fedhas
Hepliaklqana
Kikubaaqudgha
Makhleb
Nemelex Xobeh
Qazlal
Ru
Trog
Uskayaw
Vehumet
Xom
Yredelemnul
The Shining One

Shops:
D:4 *


Innate Abilities, Weirdness & Mutations

You have a pair of horns on your head.
You reflexively headbutt those who attack you in melee.
Your flesh is cold resistant. (rC+)
You are weak. (Str -2)
Your spells are a little harder to cast, but a little more powerful.


Message History

The floor.
The worldbinder calls forth creatures from the Crypt!
A glowing orange brain comes into view.
The glowing orange brain turns its attention towards you.
The glowing orange brain pulsates.
You feel dopey. Something feeds on your intellect!
The worldbinder calls forth creatures from the Crypt!
The glowing orange brain blinks!
The freezing wraith disappears in a puff of smoke!
The necromancer gestures at you while chanting.
Your body is wracked with pain!
The worldbinder closely misses you. x2
The worldbinder hits you but does no damage.
The worldbinder closely misses you.
Really quaff the potion of mutation?
Uppercase [Y]es or [N]o only, please.
Really quaff the potion of mutation?
Uppercase [Y]es or [N]o only, please.
Really quaff the potion of mutation?
You feel extremely strange.
You feel frail.
You feel agile.
You feel weaker.
You feel less in control of your magic.
The worldbinder hits you but does no damage.
The worldbinder hits you.
The skeletal warrior hits you from afar with a +0 halberd!!
* * * LOW HITPOINT WARNING * * *
The worldbinder barely misses you. You furiously retaliate!
You headbutt the worldbinder.
The worldbinder hits you but does no damage.
The freezing wraith hits you!
* * * LOW HITPOINT WARNING * * *
The freezing wraith freezes you. You resist.
* * * LOW HITPOINT WARNING * * *
The freezing wraith hits you.
* * * LOW HITPOINT WARNING * * *
The freezing wraith drains your vigour!
You feel yourself slow down. The necromancer barely misses you.
The skeletal warrior hits you from afar with a +0 halberd.
You die...

....#.. .#..## ...
.....#.#........
#...#.# ...# .
#....# ..##
..#.#..#.#.# ..
...#W.#### ~#
#.#.#..#.z#.# ≈ ~ ##
##.#..W#x.#.# #~ ~
#.##.....#@p...#
~~.#.#.#...###G##.##
~ # ##### #.. ..#
#~~# .. #.#...##..#
. .. # .....# #.# .
...# ###.###. #. .
..# #. #. #. . . .
.### .. # # # .. # .


You could see a skeletal warrior (summoned), a glowing orange brain, a freezing
wraith (summoned), a necromancer (summoned) and a worldbinder.

Vanquished Creatures
  Grinder (D:3)
  Prince Ribbit (D:5)
  A neqoxec (Abyss:1)
  Menkaure (D:7)
  3 water moccasins
  Duvessa (D:5)
  An orc warrior (D:7)
  A sky beast (D:7)
  An ogre (D:5)
  A centaur (D:7)
  A phantom (D:5)
  2 necrophages
  2 bullfrogs (D:7)
  A wight (D:8)
  Dowan (D:5)
  5 killer bees (D:8)
  A jelly (D:7)
  2 orc priests
  2 iguanas
  2 orc wizards (D:4)
  3 adders
  3 gnolls (D:8)
  A white imp (D:5)
  3 ufetubi
  2 worms
  4 dart slugs
  14 orcs
  5 bats
  8 endoplasms
  A giant cockroach (D:2)
  7 hobgoblins
  2 jackals (D:3)
  6 quokkas
  8 ball pythons
  A frilled lizard (D:1)
  6 goblins
  7 kobolds
  2 rats
114 creatures vanquished.

Vanquished Creatures (others)
  3 fungi (D:1)
  5 toadstools (D:1)
8 creatures vanquished.

Grand Total: 122 creatures vanquished

Notes
Turn   | Place    | Note
-------+----------+-------------------------------------------
     0 | D:1      | evilbananas the Minotaur Berserker began the quest for the
                  | Orb.
     0 | D:1      | Reached XP level 1. HP: 19/19 MP: 0/0
    65 | D:1      | Found a faded altar of an unknown god.
   206 | D:1      | Reached skill level 4 in Axes
   338 | D:1      | Reached XP level 2. HP: 24/27 MP: 1/1
  1332 | D:2      | Found a stormy altar of Qazlal.
  1433 | D:2      | Identified the +5 ring mail of True Grit {rC+ Stlth+}
  1444 | D:2      | Reached XP level 3. HP: 33/33 MP: 2/2
  2030 | D:2      | Gained mutation: Your flesh is cold resistant. (rC+)
                  | [potion of mutation]
  2030 | D:2      | Gained mutation: You are robust. (+10% HP) [potion of
                  | mutation]
  2172 | D:3      | Reached ** piety under Trog
  2242 | D:3      | Reached skill level 5 in Axes
  2365 | D:3      | Reached skill level 1 in Throwing
  2365 | D:3      | Reached XP level 4. HP: 44/44 MP: 3/3
  2776 | D:3      | Noticed Grinder
  2830 | D:3      | Killed Grinder
  2831 | D:3      | Reached skill level 5 in Fighting
  2831 | D:3      | Reached skill level 6 in Axes
  2831 | D:3      | Reached XP level 5. HP: 52/52 MP: 4/4
  2831 | D:3      | Reached XP level 6. HP: 61/61 MP: 5/5
  3140 | D:4      | Found Biokat's General Store.
  3189 | D:4      | Reached skill level 7 in Axes
  3791 | D:4      | Reached *** piety under Trog
  3792 | D:4      | Found a glowing drain.
  3927 | D:5      | Entered Level 5 of the Dungeon
  3927 | D:5      | Found a staircase to the Ecumenical Temple.
  3935 | D:5      | Noticed Prince Ribbit
  3945 | D:5      | Killed Prince Ribbit
  3946 | D:5      | Reached XP level 7. HP: 68/68 MP: 6/6
  4093 | D:5      | Reached skill level 8 in Axes
  4359 | D:5      | Noticed Duvessa
  4359 | D:5      | Noticed Dowan
  4370 | D:5      | Killed Duvessa
  4373 | D:5      | Killed Dowan
  4511 | D:5      | Found a basalt altar of Yredelemnul.
  4583 | D:5      | Identified the +1 leather armour of Resilience {rF+}
  4705 | D:5      | Reached XP level 8. HP: 78/78 MP: 7/7
  5068 | Temple   | Entered the Ecumenical Temple
  5614 | D:6      | Reached skill level 9 in Axes
  6296 | D:7      | Found a hide-covered altar of Uskayaw.
  6313 | D:7      | Found a broken altar of Ashenzari.
  6404 | D:7      | Reached skill level 10 in Axes
  6404 | D:7      | Reached skill level 5 in Throwing
  6431 | D:7      | Noticed Menkaure
  6443 | D:7      | Killed Menkaure
  7134 | D:8      | Reached XP level 9. HP: 38/89 MP: 8/8
  7467 | D:8      | Reached skill level 11 in Axes
  7629 | Abyss:1  | Cast into level 1 of the Abyss (gnoll sergeant)
  7670 | Abyss:1  | Gained mutation: You are clumsy. (Dex -2) [a neqoxec]
  7676 | Abyss:1  | Lost intelligence.
  7702 | Abyss:1  | Found a bloodstained altar of Trog.
  7707 | Abyss:1  | Noticed a worldbinder
  7711 | Abyss:1  | Noticed a glowing orange brain
  7712 | Abyss:1  | Noticed a freezing wraith
  7713 | Abyss:1  | Noticed a skeletal warrior
  7713 | Abyss:1  | Noticed a necromancer
  7713 | Abyss:1  | Noticed a freezing wraith
  7716 | Abyss:1  | Lost mutation: You are robust. (+10% HP) [potion of
                  | mutation]
  7716 | Abyss:1  | Lost mutation: You are clumsy. (Dex -2) [potion of
                  | mutation]
  7716 | Abyss:1  | Gained mutation: You are weak. (Str -2) [potion of
                  | mutation]
  7716 | Abyss:1  | Gained mutation: Your spells are a little harder to cast,
                  | but a little more powerful. [potion of mutation]
  7716 | Abyss:1  | HP: 4/81 [freezing wraith[a worldbinder] (3)]
  7716 | Abyss:1  | Slain by a skeletal warrior

Illustrated notes

Levels and vault maps discovered:
D:1:      dpeg_arrival_castle, layout_basic, basic_ecumenical_altar,
          minmay_misc_feat_columns, minmay_gold_behind_fungi,
          nrook_mini_backslash, minmay_misc_feat_alley,
          hangedman_decor_slide_cut, minmay_ruptured
D:2:      layout_loops_ring, basic_altar, kennysheep_generic_room_12
D:3:      layout_loops_corners, uniq_grinder
D:4:      layout_basic, serial_shops, shop, portal_sewer_entry_d,
          minmay_misc_feat_secret_circle, minmay_three_crescents
D:5:      layout_gridville, mainiacjoe_overflow_surrounded_room,
          temple_fountains, uniq_prince_ribbit1, uniq_duvessa
D:6:      layout_loops_ring, minmay_stone_trees_small
D:7:      layout_rooms, mainiacjoe_overflow_boulevard,
          mainiacjoe_overflow_tiny_flanked, enter_ossuary_2, uniq_menkaure
D:8:      layout_basic, uniq_maggie
Temple:   nicolae_temple_elliptical
Abyss:1:  base:
D:6

Skill      XL: |  1  2  3  4  5  6  7  8  9 |
---------------+----------------------------+-----
Axes           | 4 5 6 7 8 10 11 | 11.2
Fighting       | 4 5 6 7 8 |  8.3
Throwing       | 1 2 3 4 5 |  5.9
Armour         | |  2.5
Dodging        | |  2.3

Action                   |  1- 3 |  4- 6 |  7- 9 || total
-------------------------+-------+-------+-------++-------
Melee: Hand axe          |    96 |    66 |   142 ||   304
       Headbutt          |    14 |     5 |    16 ||    35
       Punch             |       |       |     2 ||     2
Throw: Stone             |    36 |    43 |    18 ||    97
       Boomerang         |       |     3 |       ||     3
       Dart              |       |       |    18 ||    18
Invok: Berserk           |     1 |     3 |     4 ||     8
Evoke: Wand              |       |       |     3 ||     3
  Use: Scroll            |     5 |     5 |     4 ||    14
       Potion            |     2 |     3 |     5 ||    10
 Stab: Sleeping          |     1 |     1 |       ||     2
Armor: Leather armour    |    11 |       |       ||    11
       Ring mail         |    30 |    29 |    70 ||   129
Dodge: Dodged            |    49 |    34 |    65 ||   148
